 Dungeon Crawl Stone Soup version 0.23.2-33-g5129a83184 (webtiles) character file.

Game seed: 15695603211262801375

10536 Kniotic the Destroyer (level 11, -9/91 HPs)
             Began as a Demigod Conjurer on July 18, 2019.
             Mangled by a spiny frog (18 damage)
             ... on level 1 of the Lair of Beasts.
             The game lasted 00:44:18 (17449 turns).

Kniotic the Destroyer (Demigod Conjurer)           Turns: 17449, Time: 00:44:19

Health: -9/91      AC: 10    Str: 11    XL:     11   Next: 15%
Magic:  13/24      EV: 11    Int: 25    God:
Gold:   504        SH:  6    Dex: 19    Spells: 13/22 levels left

rFire    + + .     SeeInvis .   I - +3 short sword (drain)
rCold    . . .     Gourm    .   n - +2 buckler
rNeg     . . .     Faith    .   F - +2 leather armour {rF+}
rPois    .         Spirit   .   i - +1 helmet
rElec    .         Reflect  .   K - +0 cloak
rCorr    .         Harm     .   (no gloves)
MR       +....                  v - +1 pair of boots
Stlth    ++........             (no amulet)
HPRegen  0.25/turn              C - +3 ring of dexterity
MPRegen  0.19/turn              E - ring of protection from fire

@: lethally poisoned (-9 -> -44), invisible
A: high mp 1
a: no special abilities


You were on level 1 of the Lair of Beasts.
You were very hungry.

You visited 2 branches of the dungeon, and saw 11 of its levels.
You also visited: Gauntlet.

You collected 504 gold pieces.

Inventory:

Hand Weapons
 I - a +3 short sword of draining (weapon)
Missiles
 a - 12 poisoned needles
 D - 11 needles of sleeping
Armour
 i - a +1 helmet (worn)
 n - a +2 buckler (worn)
 v - a +1 pair of boots (worn)
 F - a +2 leather armour of fire resistance (worn)
 K - a +0 cloak (worn)
Jewellery
 C - a +3 ring of dexterity (left hand)
 E - a ring of protection from fire (right hand)
 H - an uncursed ring of protection from fire
Wands
 g - a wand of flame (34)
 q - a wand of polymorph (17)
 L - a wand of clouds (2)
Scrolls
 b - 5 scrolls of teleportation
 e - 3 scrolls of enchant armour
 l - a scroll of random uselessness {unknown}
 o - a scroll of noise {unknown}
 u - a scroll of blinking {unknown}
 w - 2 scrolls of magic mapping {unknown}
 x - a scroll of brand weapon {unknown}
 y - 2 scrolls of remove curse
 z - 2 scrolls of enchant weapon
 B - a scroll of amnesia {unknown}
 J - 2 scrolls of fear {unknown}
Potions
 d - a potion of cancellation {unknown}
 f - a potion of resistance {unknown}
 h - a potion of curing
 j - 2 potions of agility {unknown}
 k - 3 potions of flight
 m - 2 potions of mutation {unknown}
 p - a potion of brilliance {unknown}
 r - 4 potions of ambrosia
 s - 2 potions of might {unknown}
 t - a potion of invisibility
 A - a potion of berserk rage {unknown}
 G - a potion of lignification {unknown}
Comestibles
 c - 5 rations


   Skills:
 + Level 6.6 Fighting
 - Level 1.7 Dodging
 - Level 1.7 Stealth
 - Level 6.0 Spellcasting
 - Level 10.0 Conjurations
 * Level 9.5 Hexes
 + Level 3.5 Evocations


You had 13 spell levels left.
You knew the following spells:

 Your Spells              Type           Power        Failure   Level  Hunger
a - Magic Dart            Conj           ####         1%          1    None
b - Iskenderun's Mystic   Conj           ######..     2%          4    ###....
c - Fulminant Prism       Conj/Hex       ######....   3%          4    ###....

Your spell library contained the following spells:

 Spells                   Type           Power        Failure   Level  Hunger
 Searing Ray              Conj           ######       1%          2    None
 Dazzling Spray           Conj/Hex       ######       1%          3    None
 Throw Frost              Conj/Ice       ####..       3%          2    None
 Freeze                   Ice            #...         16%         1    None
 Force Lance              Conj/Tloc      ####....     21%         4    ###....
 Throw Icicle             Conj/Ice       ####....     21%         4    ###....
 Ozocubu's Armour         Chrm/Ice       #.......     43%         3    None
 Metabolic Englaciation   Hex/Ice        ####......   54%         5    #####..
 Ice Form                 Ice/Tmut       #.......     85%         4    ###....
 Summon Ice Beast         Ice/Summ       #.......     85%         4    ###....
 Bolt of Cold             Conj/Ice       ####......   97%         6    ######.
 Freezing Cloud           Conj/Ice/Air   ###.......   99%         6    ######.
 Ozocubu's Refrigeration  Ice            #.........   100%        6    ######.
 Simulacrum               Ice/Necr       #.........   100%        6    ######.


Dungeon Overview and Level Annotations

Branches:
Dungeon (9/15)             Temple (0/1) D:4            Lair (2/6) D:9
  Swamp: Lair:2-4    Shoals: Lair:2-4     Snake: Lair:2-4    Spider: Lair:2-4
    Orc: D:9-12

Shops:
D:6 }   D:8 (


Innate Abilities, Weirdness & Mutations

You have an increased reservoir of magic. (+10% MP)


Message History

You are feeling very hungry.
The porcupine bites you. The spiny frog stings you!!
You are more poisoned.
The spiny frog poisons you!
Evoke which item? (* to show all) (? for menu, Esc to quit)
Aiming: Cloud Cone
Press: ? - help, Dir - move target cursor, f/p - spiny frog
Aim: a spiny frog (noxious fumes, severely wounded)
You create a blast of poison gas!
You feel very sick. The porcupine barely misses you.
You block the spiny frog's attack. The porcupine bites you.
* * * LOW HITPOINT WARNING * * *
You fade into invisibility!
* * * LOW HITPOINT WARNING * * *
You feel sick. The spiny frog stings you!
* * * LOW HITPOINT WARNING * * *
You are more poisoned.
The spiny frog poisons you! The spiny frog stings you!!
You die...

.#..###≈≈≈≈≈≈≈###.........>≈P≈≈≈≈
.....###≈≈≈≈≈###..........≈♣P≈≈≈P
......#########...#####.#.≈≈≈PP≈P
.#..#...# ###....# ###≈♣≈≈≈≈≈♣
........# #......# ♣≈≈≈P≈≈≈≈
.#......## #.....§######P♣≈≈≈≈≈≈P
....+....# #.....§§§§...♣♣PP≈≈≈≈≈
...##...####..r.§F§###.≈≈≈≈P≈≈≈≈≈
........##.#....@§#....♣≈♣≈≈≈≈≈≈≈
.......................P♣≈P≈≈≈≈≈≈
......#.####.##.#......♣≈≈≈≈≈≈≈≈≈
................#......♣♣≈≈≈≈≈≈≈≈
.##...............#....≈♣≈P≈≈≈≈≈≈
.####.#...........#....♣♣≈≈≈≈≈≈≈≈
.P##..#.........#.#....♣PP≈≈≈≈≈≈≈
.####.P.........#......≈♣≈♣≈≈≈≈≈≈
.#.##..+###..P#+#.#.###P♣≈≈≈≈≈≈≈≈


You could see a spiny frog and a porcupine (confused).

Vanquished Creatures
  Pikel (D:9)
  A black mamba (Lair:1)
  A spiny frog (Lair:1)
  2 komodo dragons
  4 hippogriffs
  A vampire (D:9)
  A basilisk (Lair:1)
  2 wyverns
  8 yaks (D:9)
  Duvessa (D:7)
  3 water moccasins
  A hornet zombie (D:5)
  3 slaves (D:9)
  2 porcupines
  2 orc warriors
  4 ice beasts
  4 phantoms
  2 sky beasts
  9 ogres
  4 centaurs
  4 wolves (Lair:1)
  A crocodile (D:9)
  A big kobold (D:8)
  11 bullfrogs
  Dowan (D:7)
  A water moccasin zombie (D:7)
  5 scorpions
  4 killer bees
  2 electric eels (Lair:1)
  4 jellies
  7 crimson imps
  2 quasits
  A centaur zombie (D:7)
  2 bullfrog zombies
  5 hounds
  3 orc wizards
  7 orc priests
  4 centaur skeletons
  Natasha (thrice) (D:2)
  2 iguanas (D:7)
  13 worker ants
  3 hound zombies
  A hound skeleton (D:5)
  7 gnolls
  10 adders
  A shadow imp (D:5)
  An ooze (D:3)
  3 adder skeletons
  An adder zombie (D:7)
  A worm (D:4)
  2 dart slugs
  3 leopard geckos
  34 orcs
  4 giant cockroaches
  11 goblins
  3 hobgoblins
  18 jackals
  14 kobolds
  3 quokkas
  2 ball pythons (D:4)
  6 bats
  3 frilled lizards
  2 leopard gecko skeletons
  A quokka zombie (D:9)
  3 rats (D:2)
276 creatures vanquished.

Vanquished Creatures (others)
  A slave (D:9)
  89 fulminant prisms
  32 fungi (D:9)
  6 plants (D:9)
128 creatures vanquished.

Grand Total: 404 creatures vanquished

Notes
Turn   | Place    | Note
-------+----------+-------------------------------------------
     0 | D:1      | Kniotic the Demigod Conjurer began the quest for the Orb.
     0 | D:1      | Reached XP level 1. HP: 14/14 MP: 5/5
   330 | D:1      | Reached XP level 2. HP: 20/20 MP: 2/7
   384 | D:1      | Reached skill level 4 in Conjurations
   814 | D:2      | Noticed Natasha
  1462 | D:2      | Found a hide-covered altar of Uskayaw.
  1553 | D:3      | Found a bloodstained altar of Trog.
  1758 | D:3      | Found a shadowy altar of Dithmenos.
  1785 | D:3      | Reached XP level 3. HP: 24/26 MP: 2/9
  2507 | D:3      | Reached XP level 4. HP: 26/33 MP: 7/10
  2866 | D:2      | Learned a level 4 spell: Iskenderun's Mystic Blast
  3040 | D:2      | Reached skill level 5 in Conjurations
  3135 | D:2      | Killed Natasha
  3188 | D:2      | Found a white marble altar of Elyvilon.
  3188 | D:2      | Found an iron altar of Okawaru.
  3359 | D:2      | Noticed Natasha
  3363 | D:2      | Killed Natasha
  3746 | D:2      | Found a hide-covered altar of Uskayaw.
  3788 | D:2      | Noticed Natasha
  3828 | D:2      | Killed Natasha
  3828 | D:2      | Reached XP level 5. HP: 38/38 MP: 3/12
  3951 | D:2      | Found a white marble altar of Elyvilon.
  3951 | D:2      | Found an iron altar of Okawaru.
  4390 | D:4      | Found a staircase to the Ecumenical Temple.
  4562 | D:4      | Reached skill level 6 in Conjurations
  4562 | D:4      | Reached XP level 6. HP: 19/45 MP: 1/14
  5029 | D:3      | Learned a level 4 spell: Fulminant Prism
  5811 | D:4      | Reached XP level 7. HP: 44/50 MP: 5/16
  6005 | D:4      | Reached skill level 7 in Conjurations
  6122 | D:4      | Found a radiant altar of Vehumet.
  6466 | D:5      | Entered Level 5 of the Dungeon
  7204 | D:5      | Reached skill level 8 in Conjurations
  7777 | D:5      | Reached skill level 5 in Spellcasting
  7777 | D:5      | Reached XP level 8. HP: 57/57 MP: 8/19
  8448 | D:6      | Reached skill level 9 in Conjurations
  8613 | D:6      | Found a sacrificial altar of Ru.
  8742 | D:6      | Found Voqo's Gadget Emporium.
  9796 | D:6      | Reached skill level 10 in Conjurations
 10046 | D:6      | Found a burning altar of Makhleb.
 10285 | D:7      | Reached XP level 9. HP: 51/63 MP: 13/21
 10331 | D:7      | Reached skill level 1 in Hexes
 10382 | D:7      | Noticed Duvessa
 10398 | D:7      | Killed Duvessa
 10398 | D:7      | Reached skill level 1 in Fighting
 10883 | D:7      | Noticed Dowan
 11502 | D:7      | Killed Dowan
 12105 | D:8      | Reached skill level 5 in Hexes
 12864 | D:8      | Found Vaimulal's Weapon Shoppe.
 13153 | D:9      | Noticed Pikel
 13312 | D:9      | Reached XP level 10. HP: 80/80 MP: 12/22
 13315 | D:9      | Killed Pikel
 13453 | D:9      | HP: 4/80 [freed slave[Pikel] (9)]
 13950 | D:9      | Reached skill level 5 in Fighting
 14645 | D:9      | Found a staircase to the Lair.
 14687 | D:9      | Reached skill level 1 in Evocations
 15006 | D:9      | Found a snail-covered altar of Cheibriados.
 15041 | D:9      | Found an ancient bone altar of Kikubaaqudgha.
 15260 | Lair:1   | Entered Level 1 of the Lair of Beasts
 15283 | Lair:1   | Noticed a black mamba
 15426 | Lair:1   | Found a gate leading to a gauntlet.
 15450 | Gauntlet | Entered a Gauntlet
 15450 | Gauntlet | Found a transporter.
 15450 | Gauntlet | Found the +2 Maxwell's thermic engine {flame, freeze}
 15450 | Gauntlet | Noticed a moth of wrath
 15459 | Gauntlet | Found a transporter.
 15461 | Gauntlet | Found a transporter.
 15476 | Gauntlet | Found a transporter.
 15478 | Gauntlet | Found a transporter.
 15487 | Gauntlet | Found a transporter.
 15503 | Gauntlet | Found a transporter.
 15506 | Gauntlet | Noticed a great orb of eyes
 15511 | Gauntlet | Noticed a red ugly thing
 15513 | Gauntlet | Found a transporter.
 15523 | Gauntlet | Found a transporter.
 15528 | Gauntlet | Noticed a large abomination
 15537 | Gauntlet | Found a transporter.
 15541 | Gauntlet | Noticed a wizard
 15546 | Gauntlet | Found a runed translucent gate.
 15547 | Gauntlet | Found a runed translucent gate.
 15547 | Gauntlet | Found a transporter.
 15547 | Gauntlet | Found a transporter.
 15548 | Gauntlet | Found a runed translucent gate.
 16331 | Lair:1   | Reached XP level 11. HP: 79/89 MP: 19/24
 17440 | Lair:2   | Noticed a six-headed hydra
 17449 | Lair:1   | Mangled by a spiny frog

Skill      XL: |  1  2  3  4  5  6  7  8  9 10 11 |
---------------+----------------------------------+-----
Spellcasting   | 2 3 4 5 6 |  6.0
Conjurations   | 4 5 6 8 10 | 10.0
Hexes          | 6 9 |  9.5
Fighting       | 4 6 |  6.6
Evocations     | 2 3 |  3.5
Dodging        | |  1.7
Stealth        | |  1.7

Action                   |  1- 3 |  4- 6 |  7- 9 | 10-12 || total
-------------------------+-------+-------+-------+-------++-------
Melee: Unarmed           |       |     6 |     9 |       ||    15
       Short sword       |       |       |       |    70 ||    70
 Cast: Magic Dart        |    96 |    82 |   402 |    93 ||   673
       Iskenderun's Myst |       |    18 |    43 |    41 ||   102
       Fulminant Prism   |       |       |    50 |    40 ||    90
Evoke: Wand              |       |     2 |       |     2 ||     4
  Use: Scroll            |       |     1 |     5 |     5 ||    11
       Potion            |       |       |       |     3 ||     3
  Eat: Chunk             |     5 |    10 |    27 |    17 ||    59
       Ration            |       |     1 |     2 |     1 ||     4
Armor: Robe              |     9 |     6 |    38 |       ||    53
       Leather armour    |       |       |    14 |    56 ||    70
Dodge: Dodged            |     7 |    37 |   117 |   106 ||   267
Block: Buckler           |     5 |       |       |    26 ||    31
